Map: Ruins of Seras

Players

lesha - Winner!

  • Race: Terran Terran
  • League: Silver

Ferrante

  • Race: Zerg Zerg
  • League: Silver

VOD

Have the link to the VOD?

Description

Time

  • Played on: Dec. 17, 2015, 8:52 a.m.
  • Length: 12:16
Show
View Real Time Build Order
Export as new Build Order

lesha Terran - Winner!

Build Orders: Reaper Expand, MMM Bio 

Get SALT Encoding   

  12  0:01  SCV  
  13  0:13  SCV  
  14  0:19  Supply Depot  
  14  0:25  SCV  
  15  0:40  SCV  
  15  0:42  Barracks  
  16  0:53  SCV  
  16  0:56  Refinery  
  17  1:05  SCV  
  18  1:18  SCV  
  19  1:36  Orbital Command  
  19  1:41  Command Center  
  19  1:44  Reaper  
  20  1:51  Refinery  
  20  2:05  SCV  
  21  2:17  SCV  
  21  2:19  Supply Depot  
  22  2:30  SCV, Factory  
  23  2:41  Marine  
  23  2:42  SCV  
  25  2:54  SCV  
  25  2:58  Orbital Command  
  26  2:59  Bunker  
  26  3:01  Barracks Reactor  
  26  3:06  SCV  
  26  3:08  Barracks  
  27  3:18  SCV  
  28  3:31  SCV x2  
  30  3:43  SCV  
  30  3:44  SCV  
  30  3:46  Marine x2  
  34  3:49  Factory Tech Lab  
  34  3:57  SCV  
  34  4:02  Barracks Tech Lab  
  35  4:09  SCV  
  36  4:11  Siege Tank  
  36  4:12  Marine x2  
  36  4:14  Starport  
  36  4:15  SCV  
  42  4:21  SCV  
  43  4:26  Refinery  
  43  4:27  SCV, Refinery  
  43  4:30  Marine x2  
  46  4:37  Supply Depot x2  
  46  4:38  Supply Depot  
  46  4:43  Engineering Bay  
  46  4:45  Engineering Bay  
  46  4:56  Starport Reactor  
  46  4:58  SCV x2, Siege Tank, Marine  
  46  4:59  Barracks, Marauder  
  54  5:01  Barracks  
  54  5:07  Stimpack  
  54  5:11  SCV  
  55  5:14  SCV  
  55  5:19  Marine x2  
  58  5:23  SCV, Marauder  
  58  5:26  SCV  
  62  5:36  Marine  
  62  5:37  Medivac x2, Marine  
  70  5:52  Marauder  
  70  5:53  Barracks Reactor  
  70  5:54  Barracks Reactor  
  70  6:07  Supply Depot  
  70  6:08  Supply Depot  
  70  6:11  Supply Depot  
  70  6:15  Command Center  
  70  6:29  SCV x2, Marauder, Marine x2  
  70  6:31  Supply Depot  
  76  6:41  SCV x2  
  76  6:46  Marine x2  
  77  6:50  Marine  
  77  6:51  Marine  
  77  6:52  Marine x3  
  84  6:54  Medivac x2  
  88  7:04  Marine x2  
  88  7:07  SCV x2  
  92  7:09  Marine x2, Marauder  
  92  7:10  Marine x2  
  92  7:12  Terran Infantry Weapons Level 1  
  92  7:13  Terran Infantry Armor Level 1  
  92  7:15  Combat Shields  
  98  7:19  SCV x2  
  100  7:27  Barracks  
  100  7:28  Barracks  
  100  7:30  Marauder  
  100  7:31  Barracks  
  102  7:48  SCV x2  
  104  7:59  Marine x2, Orbital Command  
  104  8:00  SCV x2, Marine x4  
  104  8:02  Marauder  
  104  8:04  Medivac  
  116  8:11  Supply Depot  
  116  8:12  SCV  
  117  8:13  Supply Depot  
  117  8:15  Supply Depot  
  117  8:16  Supply Depot  
  117  8:18  Supply Depot  
  117  8:33  SCV, Medivac, Marine x4  
  124  8:35  Marauder  
  117  8:59  Marine x5  
  117  9:02  Barracks Reactor x2  
  122  9:09  Command Center  
  122  9:12  Barracks Reactor  
  122  9:17  Armory  
  122  9:23  SCV x3  
  125  9:24  Supply Depot  
  125  9:25  Supply Depot  
  125  9:26  Supply Depot  
  125  9:27  Supply Depot  
  125  9:33  Refinery  
  125  9:35  SCV x3  
  125  9:36  Marine x7  
  125  9:37  Refinery, Marine  
  125  9:38  Marine x3  
  138  9:40  Medivac x2  
  138  9:44  Concussive Shells  
  143  9:53  Marine x2  
  143  9:54  Marine x4  
  143  9:55  Marine, Marauder  
  143  9:56  Marine x3  
  155  10:10  Medivac x2  
  155  10:14  Marine x7  
  159  10:15  Marine  
  159  10:16  Marauder, Marine x2  
  171  10:26  Orbital Command  
  171  10:32  Marine x7  
  171  10:33  Marine  
  171  10:34  Marine x2  
  181  10:38  Marauder  
  181  10:40  Medivac x2  
  187  10:49  Marine x2  
  187  10:50  Marine x6  
  187  10:51  Marine  
  187  10:52  Marine  
  197  10:59  Marauder  
  199  11:07  Marine x2  
  199  11:08  Marine  
  199  11:10  Medivac  
  190  11:20  Marauder  
  190  11:25  Marine  
  192  11:32  Marine  
  192  11:33  Marine x7  
  195  11:47  SCV  
  195  11:48  SCV x2  
  195  11:49  SCV  
  196  11:57  Marine x5  
Show
View Real Time Build Order
Export as new Build Order

Ferrante Zerg 

Build Orders: Hatch First 

Get SALT Encoding   

  12  0:08  Drone x2  
  14  0:20  Overlord  
  14  0:28  Overlord  
  14  0:33  Extractor  
  13  0:37  Extractor  
  13  0:40  Drone  
  13  0:45  Drone  
  14  0:54  Drone  
  15  1:20  Drone x2  
  17  1:40  Hatchery  
  16  1:49  Spawning Pool  
  16  1:52  Drone  
  16  1:57  Drone  
  17  2:04  Drone  
  18  2:18  Drone x2  
  20  2:30  Drone  
  21  2:41  Roach Warren  
  21  2:43  Lair  
  20  2:45  Drone  
  21  2:53  Drone  
  21  2:56  Drone  
  23  3:03  Drone  
  24  3:07  Drone  
  24  3:11  Drone  
  26  3:17  Zergling x2  
  26  3:29  Zergling x2  
  26  3:45  Roach  
  26  3:46  Queen  
  30  3:49  Queen  
  30  3:50  Drone x3  
  30  3:53  Glial Reconstitution  
  35  4:02  Drone  
  36  4:10  Overlord  
  36  4:12  Overlord  
  36  4:31  Overseer  
  36  4:34  Drone x3  
  39  4:39  Drone  
  39  4:40  Drone x2  
  42  4:55  Extractor  
  42  4:56  Extractor  
  42  4:57  Drone  
  41  5:12  Tunneling Claws  
  41  5:37  Drone x3  
  41  5:38  Drone  
  41  5:41  Drone x4  
  41  5:42  Drone  
  50  5:59  Hatchery  
  50  6:01  Roach, Extractor  
  50  6:02  Roach  
  52  6:05  Overlord  
  52  6:19  Hatchery  
  52  6:24  Drone x3  
  52  6:25  Hatchery  
  53  6:44  Roach x3  
  59  7:00  Drone  
  59  7:01  Overlord  
  60  7:03  Overlord x3  
  60  7:04  Overlord x3  
  60  7:15  Spore Crawler x2  
  59  7:17  Spore Crawler  
  57  7:31  Spine Crawler  
  56  7:40  Drone x3  
  59  7:47  Drone x3  
  59  7:48  Drone x5  
  59  7:49  Drone  
  68  7:56  Spire  
  67  8:10  Overseer  
  67  8:18  Roach x5  
  67  8:19  Roach x3  
  83  8:22  Roach x4  
  83  8:23  Roach x4  
  99  9:02  Roach x5  
  111  9:03  Roach x4  
  111  9:08  Ravager x3  
  111  9:09  Ravager x3  
  123  9:15  Drone x3  
  126  9:25  Drone x3  
  129  9:34  Extractor  
  128  9:48  Drone x2  
  128  9:51  Drone x4  
  134  9:53  Overlord x5  
  134  10:20  Hatchery  
  132  10:38  Mutalisk x2  
  132  10:41  Spine Crawler  
  132  10:42  Spine Crawler x3  
  132  10:43  Spine Crawler  
  51  11:26  Roach x5  
  51  11:27  Roach x4  
  69  11:37  Roach x4  
  57  11:55  Roach x2  
Tags
 
Add a new tag
Caveats
  • Supply blocks, unpowered buildings, or Contaminate may cause inaccurate times.
  • Supply counts are checked every 10 seconds.